 Dungeon Crawl Stone Soup version 0.21.1-1-g345015f (webtiles) character file.

48 Fang the Skirmisher (level 3, -3/24 HPs)
             Began as a Gargoyle Berserker on May 25, 2018.
             Was a Believer of Trog.
             Killed from afar by Jessica (7 damage)
             ... with a wand of flame (28)
             ... on level 3 of the Dungeon.
             The game lasted 00:01:55 (2085 turns).

Fang the Skirmisher (Gargoyle Berserker)            Turns: 2085, Time: 00:01:56

Health: -3/24      AC:  5    Str: 21    XL:     3   Next: 72%
Magic:  3/3        EV: 12    Int:  7    God:    Trog [**....]
Gold:   96         SH:  0    Dex:  9    Spells: 2/2 levels left

rFire    . . .     SeeInvis .   a - +0 hand axe
rCold    . . .     Gourm    .   (no shield)
rNeg     + . .     Faith    .   b - +0 animal skin
rPois    ∞         Spirit   .   (no helmet)
rElec    +         Reflect  .   (no cloak)
rCorr    .         Harm     .   (no gloves)
MR       .....                  (no boots)
Stlth    +.........             (no amulet)
HPRegen  0.08/turn              (no ring)
MPRegen  0.08/turn              (no ring)

@: berserk cooldown, slowed, very slow
A: negative energy resistance 1, electricity resistance, unbreathing,
petrification resistance, rot immunity, AC +3
a: Berserk, Trog's Hand, Burn Spellbooks, Renounce Religion


You were on level 3 of the Dungeon.
You worshipped Trog.
Trog was pleased with you.
You were very hungry.

You visited 1 branch of the dungeon, and saw 3 of its levels.

You collected 96 gold pieces.

Inventory:

Hand Weapons
 a - a +0 hand axe (weapon)
Armour
 b - a +0 animal skin (worn)
Scrolls
 e - 2 scrolls of magic mapping {unknown}
 f - a scroll of noise {unknown}
 g - 2 scrolls of identify {unknown}
 i - a scroll of amnesia {unknown}
Potions
 d - a potion of invisibility {unknown}
 h - a potion of might {unknown}
Comestibles
 c - 3 rations


   Skills:
 + Level 3.8 Fighting
 + Level 3.3 Axes
 + Level 2.3 Armour
 + Level 2.0 Dodging
 + Level 0.4 Stealth


You had 2 spell levels left.
You didn't know any spells.

Dungeon Overview and Level Annotations

Branches:
Dungeon (3/15)

Altars:
Okawaru
Sif Muna

Annotations:
D:3 Jessica


Innate Abilities, Weirdness & Mutations

You are resistant to torment.
Your stone body is resilient. (AC +3)
You are immune to poison.
You resist negative energy. (rN+)
You are resistant to electric shocks. (rElec)
You can survive without breathing.
You are immune to petrification.
You are immune to rotting.


Message History

Jessica gestures at you while chanting.
You feel yourself slow down.
You barely miss Jessica.
Jessica zaps a wand.
The puff of flame hits you!
* * * LOW HITPOINT WARNING * * *
You hit Jessica.
Jessica is severely wounded.
Jessica mumbles some strange words.
Jessica blinks!
Jessica gestures wildly while chanting.
Jessica blinks!
Found a deep blue altar of Sif Muna.
You feel a strong urge to attack something.
You feel your anger nearly subside.
You are no longer berserk.
You are exhausted.
You feel as though you will be slow longer.
Jessica points at you and mumbles some strange words.
Pain shoots through your body!
* * * LOW HITPOINT WARNING * * *
Jessica zaps a wand.
The puff of flame hits you!
You die...

##...## #.....
##.......##..#...
##.........####...
#....≈≈≈....#.....
####...≈≈≈≈≈...####..
#.....≈≈...≈≈.....#..
#._..@≈≈.>.≈≈........
#.....≈≈...≈≈.....#..
#@..≈≈≈≈≈...######
#....≈≈≈....#
##.........##
##.......## ###...###
#####


You could see Jessica.

Vanquished Creatures
  An adder (D:3)
  A leopard gecko (D:3)
  An orc (D:3)
  3 bats
  3 goblins
  13 hobgoblins
  A ball python (D:2)
  3 frilled lizards
  9 rats
35 creatures vanquished.

Notes
Turn   | Place    | Note
-------+----------+-------------------------------------------
     0 | D:1      | Fang the Gargoyle Berserker began the quest for the Orb.
     0 | D:1      | Reached XP level 1. HP: 14/14 MP: 1/1
   400 | D:1      | Reached XP level 2. HP: 17/19 MP: 2/2
  1162 | D:2      | Reached XP level 3. HP: 24/24 MP: 3/3
  1266 | D:2      | Reached ** piety under Trog
  1919 | D:3      | Found an iron altar of Okawaru.
  2010 | D:3      | Found a faded altar of an unknown god.
  2063 | D:3      | Noticed Jessica
  2078 | D:3      | Found a deep blue altar of Sif Muna.
  2085 | D:3      | Killed from afar by Jessica

Skill      XL: |  1  2  3 |
---------------+----------+-----
Axes           | 3 |  3.3
Dodging        | 2 |  2.0
Fighting       | |  3.8
Armour         | |  2.3
Stealth        | |  0.4

Action                   || total
-------------------------++-------
Melee: Hand axe          ||   109
Invok: Berserk           ||     2
 Stab: Sleeping          ||     1
  Eat: Chunk             ||     4
Armor: Animal skin       ||    42
Dodge: Dodged            ||    55
